 Dungeon Crawl Stone Soup version 0.28-a0-57-g271197699b (webtiles) character file.

Game seed: 877583316250771031

635 HAL9000 the Chucker (level 7, -4/34 HPs)
             Began as a Vine Stalker Brigand on July 30, 2021.
             Splashed by Ijyb's acid (7 damage)
             ... on level 4 of the Dungeon.
             The game lasted 00:07:09 (3759 turns).

HAL9000 the Chucker (Vine Stalker Brigand)          Turns: 3759, Time: 00:07:10

Health: -4/34      AC:  0    Str: 15    XL:     7   Next: 50%
Magic:  0/8        EV: 11    Int: 12    God:
Gold:   95         SH:  0    Dex: 15    Spells: 6/6 levels left

rFire   . . .      SeeInvis .   a - +2 dagger
rCold   . . .      Faith    .   (no shield)
rNeg    . . .      Spirit   +   n - +1 robe {Will+}
rPois   .          Reflect  .   (no helmet)
rElec   .          Harm     .   c - +0 cloak
rCorr   .          Rampage  .   (no gloves)
Will    +....                   (no boots)
Stlth   +++.......              (no amulet)
HPRegen 1.11/turn               (no ring)
MPRegen 0.11/turn               (no ring)

@: corroded
A: fangs 2, regeneration 1, magic shield, antimagic bite, no potion heal 2
a: no special abilities


You were on level 4 of the Dungeon.
You visited 1 branch of the dungeon, and saw 4 of its levels.

You collected 95 gold pieces.

Inventory:

Hand Weapons
 a - a +2 dagger (weapon)
Missiles
 d - 15 poisoned darts (quivered)
 o - 11 boomerangs
 p - 2 curare-tipped darts
Armour
 b - a +0 robe
 c - a +0 cloak (worn)
 n - a +1 robe of willpower (worn)
Wands
 e - a wand of digging (6)
Scrolls
 f - a scroll of fog {unknown}
 g - a scroll of teleportation {unknown}
 h - 2 scrolls of enchant armour {unknown}
 i - 2 scrolls of enchant weapon {unknown}
 k - 6 scrolls of identify {unknown}
 l - a scroll of immolation {unknown}
 r - a scroll of amnesia {unknown}
Potions
 j - a potion of attraction {unknown}
 m - a potion of mutation {unknown}
 q - a potion of lignification {unknown}
 s - a potion of ambrosia {unknown}
 t - a potion of cancellation {unknown}


   Skills:
 - Level 1.7 Fighting
 - Level 1.7 Short Blades
 + Level 7.4 Throwing
 - Level 0.7 Dodging
 - Level 4.8 Stealth


You had 6 spell levels left.
You didn't know any spells.
Your spell library contained the following spells:

 Spells                   Type           Power      Damage    Failure   Level
 Sting                    Tmut/Pois      0%         1d3       32%         1
 Poisonous Vapours        Pois/Air       0%         N/A       45%         2
 Mephitic Cloud           Conj/Pois/Air  0%         N/A       69%         3
 Spider Form              Tmut/Pois      0%         N/A       69%         3
 Olgreb's Toxic Radiance  Pois           0%         N/A       97%         4
 Lightning Bolt           Conj/Air       0%         1d11      100%        5
 Maxwell's Capacitive Co  Air            0%         ∞         100%        8


Dungeon Overview and Level Annotations

Branches:
Dungeon (4/15)
 Temple: D:4-7

Altars:

Annotations:
D:4 Ijyb


Innate Abilities, Weirdness & Mutations

You have extremely sharp teeth.
Your natural rate of healing is unusually fast.
When hurt, damage is shared between your health and your magic reserves.
Your bite disrupts and absorbs the magic of your enemies.
Potions cannot restore your health.


Message History

a +0 whip of venom; a +0 hand axe
Items here: ))) [ ††.
d - 15 poisoned darts (gained 2)
An orc comes into view. It is wielding a +0 mace.
You see here a poisoned dart.
An orc is nearby!
An orc is nearby!
d - 16 poisoned darts (gained 1)
The orc shouts!
The orc throws a boomerang.
The boomerang closely misses you.
You see here a poisoned dart.
d - 17 poisoned darts (gained 1)
You hit the orc.
The orc is almost dead.
The orc hits you but does no damage.
You hit the orc.
You kill the orc!
No target in view!
No target in view!
o - 11 boomerangs (gained 3)
You see here a +0 mace.
Ijyb the Twisted Goblin comes into view.
She is wielding a +0 spectral club and carrying a wand of acid (12).
Ijyb moves out of view.
Things that are here:
a +0 ring mail; a +0 club; an orc corpse Ijyb is nearby!
You throw a poisoned dart. The poisoned dart closely misses Ijyb.
Ijyb shouts!
You throw a poisoned dart. The poisoned dart hits Ijyb!
Ijyb is poisoned.
Ijyb zaps a wand.
The bolt of acid hits you! The acid corrodes you!
You are splashed with acid!
You are too injured to fight recklessly!
You are too injured to fight recklessly!
Okay, then.
Things that are here:
a +0 ring mail; a +0 club; an orc corpse Ijyb zaps a wand.
The bolt of acid hits you!
* * * LOW HITPOINT WARNING * * *
The acid corrodes you!
You are splashed with acid!
You die...

.(.## #.# #### .#
(..##.##.... .#
(..###...>..... .#
..(........# ####.#
...###g....# #.#..
####...[.#####.#.#
#..............#.#
...###).......#...#
.# ##...#@..##..##
#.......###..#
#........###..#
#...#...#.^....##
#.####.######.>#####
#. ........##.....##
.
..#........).....##
..#.........)......#
.. ................#


You could see Ijyb (poisoned).

Vanquished Creatures
  Grinder (D:3)
  An ogre (D:4)
  A hound (D:2)
  A centaur skeleton (D:2)
  3 orc priests
  Natasha (thrice) (D:3)
  5 adders
  A shadow imp (D:3)
  A worm (D:2)
  3 dart slugs
  8 orcs
  6 bats
  7 endoplasms (D:1)
  4 giant cockroaches
  5 goblins
  3 hobgoblins
  6 jackals (D:1)
  5 kobolds
  3 quokkas
  9 ball pythons
  4 frilled lizards
  4 rats
84 creatures vanquished.

Notes
Turn   | Place    | Note
-------+----------+-------------------------------------------
     0 | D:1      | HAL9000 the Vine Stalker Brigand began the quest for the
                  | Orb.
     0 | D:1      | Reached XP level 1. HP: 11/11 MP: 2/2
    47 | D:1      | Reached skill level 2 in Throwing
   136 | D:1      | Reached XP level 2. HP: 12/15 MP: 3/3
   822 | D:1      | Reached skill level 3 in Throwing
   836 | D:1      | Reached XP level 3. HP: 4/18 MP: 2/4
  1343 | D:1      | Found a faded altar of an unknown god.
  1587 | D:2      | Reached skill level 4 in Throwing
  1587 | D:2      | Gained mutation: Your natural rate of healing is unusually
                  | fast. [Vine Stalker growth]
  1587 | D:2      | Reached XP level 4. HP: 18/23 MP: 3/5
  1808 | D:2      | Reached XP level 5. HP: 22/26 MP: 4/6
  2136 | D:2      | You fall into a shaft and drop 1 floor!
  2198 | D:3      | Reached skill level 5 in Throwing
  2340 | D:3      | Noticed Grinder
  2388 | D:3      | Killed Grinder
  2389 | D:3      | Reached skill level 6 in Throwing
  2389 | D:3      | Reached XP level 6. HP: 28/30 MP: 7/7
  2822 | D:3      | Noticed Natasha
  2829 | D:3      | Killed Natasha
  3114 | D:3      | Noticed Natasha
  3122 | D:3      | Killed Natasha
  3429 | D:3      | Noticed Natasha
  3434 | D:3      | Killed Natasha
  3435 | D:3      | Reached XP level 7. HP: 34/34 MP: 8/8
  3580 | D:4      | Got the Reference Book on Flight and Poison
  3680 | D:4      | Reached skill level 7 in Throwing
  3750 | D:4      | Noticed Ijyb
  3759 | D:4      | Splashed by Ijyb's acid

Illustrated notes

Levels and vault maps discovered:
D:1:      scummos_arrival_gate, layout_loops_ring, ebering_ecumenical_altar_webs
D:2:      layout_basic
D:3:      layout_loops_ring, minmay_close_crescents, uniq_grinder, uniq_natasha
D:4:      layout_rooms, fedhas_ov_isle_minmay, pdpol_wu_jian_five_deadly_venoms,
          uniq_ijyb

Skill      XL: |  1  2  3  4  5  6  7 |
---------------+----------------------+-----
Throwing       | 2 3 4 6 7 |  7.4
Fighting       | |  1.7
Short Blades   | |  1.7
Dodging        | |  0.7
Stealth        | |  4.8

Action                   |  1- 3 |  4- 6 |  7- 9 || total
-------------------------+-------+-------+-------++-------
Melee: Dagger            |    95 |   131 |    33 ||   259
       Bite              |    22 |    37 |    11 ||    70
Throw: Dart              |     8 |    34 |    22 ||    64
 Stab: Sleeping          |     4 |     8 |       ||    12
Armor: Robe              |    19 |    38 |     6 ||    63
Dodge: Dodged            |    57 |    66 |    16 ||   139

Table legend: (Time is in decaauts)
 A = Elapsed time spent in this place.
 B = Non-inter-level travel time spent in this place.
 C = Inter-level travel time spent in this place.
 D = Time resting spent in this place.
 E = Time spent auto-exploring this place.
 F = Levels seen in this place.
 G = Mean time per level.
                   A        B        C        D        E       F      G
               +--------+--------+--------+--------+--------+-----+--------+
         Total |   3720 |   3387 |    333 |   1079 |   1592 |   4 |  930.0 |
       Dungeon |   3720 |   3387 |    333 |   1079 |   1592 |   4 |  930.0 |
               +--------+--------+--------+--------+--------+-----+--------+

Top non-repeatable levels by time:
     D:1: 1567 daAuts
     D:3: 1434 daAuts
     D:2: 551 daAuts
     D:4: 167 daAuts
